 Dungeon Sprint DCSS version 0.17.0-56-gd8de76c (webtiles) character file.

296 kosy22 the Shield-Bearer (level 6, -2/100 HPs)
             Began as a Troll Fighter on Dec 5, 2015.
             Succumbed to Sonja's curare-tipped needle
             ... in the Dungeon (Sprint I: "Red Sonja").
             The game lasted 00:01:05 (205 turns).

kosy22 the Shield-Bearer (Troll Fighter)             Turns: 205, Time: 00:01:05

Health: -2/100     AC:  5    Str: 32    XL:     6   Next: 12%
Magic:  5/5        EV: 11    Int:  4    God:
Gold:   162        SH: 11    Dex:  9    Spells: 0 memorised, 5 levels left

rFire  . . .     SeeInvis .       - Unarmed
rCold  . . .     Clarity  .     a - +0 robe
rNeg   . . .     SustAt   .     b - +0 shield
rPois  .         Gourm    +     (helmet restricted)
rElec  .         Spirit   .     (no cloak)
rCorr  .         Warding  .     (gloves unavailable)
rMut   .         NoTele   +     (boots unavailable)
MR     .....                    (no amulet)
Stlth  ..........               (no ring)
                                (no ring)

@: berserking, lethally poisoned (-2 -> -47), slowed, not resistant to hostile
enchantments, extremely unstealthy
A: unfitting armour, claws 3, fast metabolism 3, gourmand, regeneration 2,
shaggy fur 1, tough skin 2
a: no special abilities


You were in the Dungeon.
You were not hungry.

You visited 1 branch You collected 162 gold pieces.

Inventory:

Armour
 a - a +0 robe (worn)
 b - a +0 shield (worn)
Wands
 k - a wand of fireball (6)
Scrolls
 j - a scroll of blinking
Potions
 c - a potion of might
 f - a potion of heal wounds
 g - a potion of haste
 h - 2 potions of magic
 l - a potion of brilliance {unknown}
Comestibles
 d - 2 bread rations


   Skills:
 + Level 6.1 Fighting
 + Level 6.4 Dodging
 + Level 6.7 Shields
 + Level 4.2 Unarmed Combat


You had 5 spell levels left.
You didn't know any spells.

Dungeon Overview and Level Annotations

Branches:
Dungeon (1/1)

Altars:
Sif Muna
Vehumet

Annotations:
D Sonja


Innate Abilities, Weirdness & Mutations

You are too large for most types of armour.
You have claws for hands.
Your metabolism is lightning-fast.
You like to eat raw meat.
You heal very quickly.
You are covered in fur (AC +1).
You have very tough skin (AC +2).


Message History

You are more poisoned.
You closely miss Sonja.
Sonja is heavily wounded.
* * * LOW HITPOINT WARNING * * *
You feel very sick.
Sonja shouts, "Some dancing partner you are!"
Sonja gestures wildly while chanting.
Sonja blinks!
* * * LOW HITPOINT WARNING * * *
You feel very sick.
Sonja unwields an uncursed dagger of venom.
It stops dripping with poison.
Sonja wields an uncursed blowgun.
Sonja shoots a curare-tipped needle.
The curare-tipped needle hits you.
You are more poisoned.
You have difficulty breathing.
* * * LOW HITPOINT WARNING * * *
You feel yourself slow down.
You see here 2 curare-tipped needles.
You feel a strong urge to attack something.
You die...

################
#<.#..').#.)'..#
#..').#..'..#..+
#..#####'#####'#
#..# #..# #$#
#..# #### ##[#
#..# #+#..+ #⌠⌠#
+..@_# ####
#_(#'# ##'#(#
#§### $.$ #$K$#
##.## #+#


You could see Sonja.

Vanquished Creatures
  Sigmund (D)
  An ogre (D)
  Ijyb (D)
  A jelly (D)
4 creatures vanquished.

Notes
Turn   | Place    | Note
--------------------------------------------------------------
     0 | D        | kosy22 the Troll Fighter began the quest for the Orb.
     0 | D        | Reached XP level 1. HP: 22/22 MP: 0/0
     3 | D        | Noticed Ijyb
    24 | D        | Killed Ijyb
    24 | D        | Reached skill level 3 in Fighting
    24 | D        | Reached XP level 2. HP: 26/31 MP: 1/1
    35 | D        | Noticed an ogre
    44 | D        | Killed an ogre
    44 | D        | Reached skill level 4 in Fighting
    44 | D        | Reached skill level 5 in Shields
    44 | D        | Reached XP level 3. HP: 14/40 MP: 2/2
    44 | D        | Reached XP level 4. HP: 17/49 MP: 3/3
   112 | D        | Noticed Sigmund
   120 | D        | Killed Sigmund
   120 | D        | Reached skill level 5 in Fighting
   120 | D        | Reached skill level 6 in Dodging
   120 | D        | Reached XP level 5. HP: 48/59 MP: 4/4
   120 | D        | Reached XP level 6. HP: 54/67 MP: 5/5
   154 | D        | Found a deep blue altar of Sif Muna.
   155 | D        | Noticed a jelly
   156 | D        | Found a radiant altar of Vehumet.
   161 | D        | Killed a jelly
   187 | D        | Noticed Sonja
   204 | D        | HP: 2/100 [asphyx]
   205 | D        | Succumbed to Sonja's curare-tipped needle

Action                   |  1- 3 |  4- 6 || total
-------------------------+-------+-------++-------
Melee: Unarmed           |    28 |    19 ||    47
  Use: Potion            |       |     2 ||     2
